 Dungeon Crawl Stone Soup version 0.29.1-15-g9cfb28693d (webtiles) character file.

Game seed: 10643085204357177303

277 Labrat the Digger (level 6, -1/45 HPs)
             Began as a Meteoran Earth Elementalist on Sept 1, 2023.
             Slain by a gnoll
             ... wielding a +0 whip
              (3 damage)
             ... on level 5 of the Dungeon.
             The game lasted 00:11:40 (1023 turns).

Labrat the Digger (Meteoran Earth Elementalist)     Turns: 1023, Time: 00:11:41

Health: -1/45      AC:  2    Str:  9    XL:     6   Next: 80%
Magic:  8/14       EV: 12    Int: 18    God:
Gold:   296        SH:  0    Dex: 16    Spells: 5/15 levels left

rFire   . . .      SeeInvis .   (no weapon)
rCold   . . .      Faith    .   (no shield)
rNeg    . . .      Spirit   .   a - +0 robe
rPois   .          Reflect  .   (no helmet)
rElec   .          Harm     .   (no cloak)
rCorr   .          Rampage  .   (no gloves)
Will    .....                   (no boots)
Stlth   +.........              (no amulet)
HPRegen 0.15/turn               (no ring)
MPRegen 0.14/turn               (no ring)

@: glowing
A: sense surroundings 1, otherworldly, glowing, explore regen
a: no special abilities


You were on level 5 of the Dungeon.
You visited 2 branches of the dungeon, and saw 6 of its levels.

You collected 296 gold pieces.

Inventory:

Missiles
 o - 5 curare-tipped darts
Armour
 a - a +0 robe (worn)
Jewellery
 d - a ring of protection from cold
 f - a +6 ring of dexterity
Scrolls
 c - a scroll of teleportation {unknown}
 e - 2 scrolls of magic mapping
 h - 2 scrolls of silence {unknown}
 j - 4 scrolls of identify
 m - a scroll of torment {unknown}
 n - a scroll of fear {unknown}
 p - 3 scrolls of blinking {unknown}
Potions
 b - 2 potions of magic
 g - a potion of invisibility {unknown}
 i - a potion of brilliance {unknown}
 k - a potion of degeneration {unknown}
 l - a potion of lignification {unknown}


   Skills:
 - Level 2.4 Dodging
 - Level 1.4 Stealth
 + Level 5.0 Spellcasting
 - Level 4.0 Transmutations
 + Level 5.7 Earth Magic


You had 5 spell levels left.
You knew the following spells:

 Your Spells              Type           Power      Damage    Failure   Level
a - Sandblast             Erth           50%        2d12      1%          1
b - Passwall              Tmut/Erth      18%        N/A       2%          2
c - Stone Arrow           Conj/Erth      28%        3d8       12%         3
d - Iskenderun's Mystic   Conj/Tloc      4%         2d3       78%         4

Your spell library contained the following spells:

 Spells                   Type           Power      Damage    Failure   Level
 Petrify                  Tmut/Erth      22%        N/A       19%         4
 Dazzling Flash           Conj/Hex       8%         N/A       36%         3
 Starburst                Conj/Fire      2%         6d3       100%        6


Dungeon Overview and Level Annotations

Branches:
Dungeon (5/15) Zot: 1968   Temple (1/1) D:4 Zot: 558

Altars:
Ashenzari
Dithmenos
Gozag
Okawaru
Qazlal
Uskayaw
Zin
The Shining One

Shops:
D:1 [[

Annotations:
D:5 Ijyb


Innate Abilities, Weirdness & Mutations

You passively map a small area around you.
You are easily found by Zot.
You glow in the dark.
You regain HP and MP as you explore.


Message History

Aim: a gnoll, wielding a +0 halberd (85% to hit)
The blast of sand hits the gnoll!
The gnoll is almost dead.
The gnoll hits you from afar with a +0 halberd!
Ijyb the Twisted Goblin comes into view.
She is wielding a +0 club, wearing a +3 leather armour of poison resistance and carrying a wand of quicksilver (4).
The gnoll hits you from afar with a +0 halberd!
* * * LOW HITPOINT WARNING * * *
Casting: Sandblast (safe; 1% risk of failure)
Confirm with . or Enter, or press ? or * to list all spells.
Aiming: Sandblast (safe; 1% risk of failure)
Press: ? - help, Shift-Dir - straight line, f/p - gnoll
Aim: a gnoll, wielding a +0 halberd (almost dead, 85% to hit)
The blast of sand misses the gnoll.
A hound comes into view.
The gnoll hits you from afar with a +0 halberd.
* * * LOW HITPOINT WARNING * * *
Casting: Sandblast (safe; 1% risk of failure)
Confirm with . or Enter, or press ? or * to list all spells.
Aiming: Sandblast (safe; 1% risk of failure)
Press: ? - help, Shift-Dir - straight line, f/p - gnoll
Aim: a gnoll, wielding a +0 halberd (almost dead, 85% to hit)
The blast of sand misses the gnoll.
The hound barks!
The gnoll barely misses you.
Ijyb screams, "No!
No, no, no, no!"
The gnoll misses you.
Casting: Sandblast (safe; 1% risk of failure)
Confirm with . or Enter, or press ? or * to list all spells.
Aiming: Sandblast (safe; 1% risk of failure)
Press: ? - help, Shift-Dir - straight line, f/p - gnoll
Aim: a gnoll, wielding a +0 halberd (almost dead, 85% to hit)
The blast of sand hits the gnoll.
You kill the gnoll!
The gnoll hits you but does no damage.
Unknown command.
As you read the scroll labelled YCITOU BAUPORR, it crumbles to dust.
It is a scroll of identify.
e - 2 scrolls of magic mapping The gnoll hits you with a +0 whip.
You die...

* ,,* #####
###...######### *
,,
##..............
##....h.........#
....).g@...#* ,
......g...†##
.....).....<#
,.............#
,....######<....*
...# #####..# ..#
#).# , .# #.# *.#


You could see Ijyb, a hound and a gnoll.

Vanquished Creatures
  An ogre (D:4)
  A howler monkey (D:4)
  2 iguanas
  2 gnolls (D:5)
  An adder (D:3)
  A worm (D:2)
  A dart slug (D:1)
  5 orcs
  4 endoplasms
  A giant cockroach (D:2)
  3 goblins (D:1)
  9 hobgoblins
  6 jackals
  5 kobolds
  5 quokkas
  5 ball pythons
  4 bats
  A frilled lizard (D:2)
  4 rats
61 creatures vanquished.

Notes
Turn   | Place    | Note
-------+----------+-------------------------------------------
     0 | D:1      | Labrat the Meteoran Earth Elementalist began the quest for
                  | the Orb.
     0 | D:1      | Reached XP level 1. HP: 14/14 MP: 5/5
    44 | D:2      | Reached XP level 2. HP: 15/20 MP: 0/6
   173 | D:2      | Reached XP level 3. HP: 24/26 MP: 6/8
   269 | D:2      | Learned a level 2 spell: Passwall
   337 | D:1      | Found Bawneub's Armour Boutique.
   360 | D:1      | Found Xuttic's Armour Shop.
   473 | D:1      | Reached XP level 4. HP: 33/33 MP: 6/10
   594 | D:3      | Found a hide-covered altar of Uskayaw.
   750 | D:4      | Reached XP level 5. HP: 17/38 MP: 7/12
   796 | D:4      | Reached skill level 5 in Earth Magic
   805 | D:4      | Learned a level 3 spell: Stone Arrow
   810 | D:4      | Learned a level 4 spell: Iskenderun's Mystic Blast
   917 | D:4      | Noticed an ogre
   923 | D:4      | Killed an ogre
   924 | D:4      | Reached XP level 6. HP: 45/45 MP: 7/14
   936 | D:4      | Found a staircase to the Ecumenical Temple.
   950 | Temple   | Entered the Ecumenical Temple
   950 | Temple   | Found a transporter.
   950 | Temple   | Found a transporter.
   952 | Temple   | Found a transporter.
   952 | Temple   | Found a transporter.
  1005 | D:5      | Entered Level 5 of the Dungeon
  1010 | D:5      | Reached skill level 5 in Spellcasting
  1019 | D:5      | Noticed Ijyb
  1020 | D:5      | HP: 1/45 [gnoll/+0 halberd (3)]
  1023 | D:5      | Slain by a gnoll

Illustrated notes

Levels and vault maps discovered:
D:1:      minmay_arrival_four_circles, layout_basic, serial_shops, shop,
          shop_coins
D:2:      layout_basic, grunt_ministairs_2, minmay_tetromino_t4
D:3:      layout_rooms, palyth_temple_overflow_mages, amcnicky_altar_gilded,
          serial_park_tiny_1, kennysheep_nub
D:4:      layout_cave_pods, lemuel_zombie_altar_yredelemnul,
          minmay_temple_entry_crystal_x
D:5:      layout_layer_cave, chequers_temple_overflow_statue_of_worship,
          nicolae_ru_the_path_less_chosen, serial_shops, nicolae_square_shop,
          nicolae_shop_self_help, uniq_ijyb, uniq_menkaure
Temple:   hellmonk_temple_divided_pantheon

Skill      XL: |  1  2  3  4  5  6 |
---------------+-------------------+-----
Spellcasting   | 3 4 5 |  5.0
Earth Magic    | 4 5 |  5.7
Transmutations | 2 3 4 |  4.0
Dodging        | |  2.4
Stealth        | |  1.4

Action                   |  1- 3 |  4- 6 || total
-------------------------+-------+-------++-------
Melee: Unarmed           |     5 |     1 ||     6
 Cast: Sandblast         |    51 |    51 ||   102
       Passwall          |     3 |     1 ||     4
  Use: Scroll            |       |     1 ||     1
Armor: Robe              |     5 |     8 ||    13
Dodge: Dodged            |    15 |    26 ||    41
